Harfangs vs Saguenéens
(R1)
Created - 13 septembre 2014 at 19:17
Simulating a Pre-Season
Goals
|
| Harfangs |
1 |
0 |
2 |
3 |
| Saguenéens |
2 |
2 |
2 |
6 |
|
Shots
|
| Harfangs |
16 |
11 |
13 |
40 |
| Saguenéens |
8 |
7 |
9 |
24 |
|
1st period
1. Harfangs , Alex Killorn 1 (Stefan Ruzicka) at 0:04
2. Saguenéens , Evgeny Dadonov 1 (Marcus Johansson, Joffrey Lupul) at 3:42 (PP)
3. Saguenéens , Joffrey Lupul 2 (Evgeny Dadonov) at 12:23 (PP)
Penalties :
Victor Bartley (BEA) for Interference (Minor) at 3:25, Rhett Rakhshani (Chi) for Fighting (Major) at 5:27, Brett Carson (BEA) for Fighting (Major) at 5:27, Alexandre Picard (BEA) for Hooking (Minor) at 12:12
2nd period
4. Saguenéens , Marcus Johansson 3 (Kris Russell) at 0:12
5. Saguenéens , David Moss 3 (Kyle Brodziak, Eric Tangradi) at 4:55 (PP)
Penalties :
Nick Holden (BEA) for Hooking (Minor) at 3:51, Ian Cole (Chi) for Cross-checking (Minor) at 16:36
3rd period
6. Harfangs , Peter Olvecky 3 (Alexandre Picard, Roman Wick) at 5:54
7. Saguenéens , Kyle Brodziak 4 (David Moss, Bryan Bickell) at 6:53
8. Saguenéens , Petteri Wirtanen 1 (Tyler McNeely) at 13:30
9. Harfangs , Dustin Jeffrey 1 (Brian Lashoff, Craig Smith) at 16:12
Penalties :
Chris Kreider (BEA) for Holding (Minor) at 13:45, Evgeny Dadonov (Chi) for Cross-checking (Minor) at 16:17
Goalie Stats
Darcy Kuemper (BEA), 11 saves from 13 shots - (0,846), 35:05 minutes
Jeremy Duchesne (BEA), 7 saves from 11 shots - (0,636), L, 0-1-0, 24:55 minutes
Harru Sateri (Chi), 37 saves from 40 shots - (0,925), W, 2-0-0, 60:00 minutes
Players Stats for Harfangs
Player Name G A P +/- PIM S H SB GA TA FO MP PP MP PK MP
------------------------------------------------------------------------------------
Alex Killorn 1 0 1 0 0 3 4 0 1 1 9/27 21:04 1:47 0:00
Alexandre Picard 0 1 1 0 2 1 3 1 2 1 0/0 27:14 2:17 1:20
Brett Carson 0 0 0 0 5 1 1 1 0 1 0/0 14:33 0:00 2:11
Brian Lashoff 0 1 1 1 0 1 0 3 0 1 0/0 23:01 1:41 2:11
Chris Kreider 0 0 0 0 2 8 4 0 1 0 0/0 21:26 1:47 0:22
Craig Smith 0 1 1 1 0 5 4 0 1 0 1/7 12:23 0:11 0:03
Drew Shore 0 0 0 0 0 2 2 0 2 1 0/3 8:25 0:00 0:57
Dustin Jeffrey 1 0 1 1 0 2 1 0 1 0 0/0 12:23 0:11 0:03
Dylan Olsen 0 0 0 -1 0 2 1 0 0 0 0/0 13:06 0:00 0:00
Kyle Palmieri 0 0 0 0 0 2 1 0 0 1 0/0 7:39 0:11 0:00
Michal Repik 0 0 0 -1 0 1 3 1 0 0 1/1 16:13 2:00 0:36
Nick Holden 0 0 0 0 2 1 0 1 0 1 0/0 17:05 1:41 0:00
Peter Olvecky 1 0 1 -1 0 4 3 0 0 0 0/0 17:46 2:00 2:09
Petri Kontiola 0 0 0 -1 0 2 3 0 0 0 16/25 17:46 2:00 2:09
Roman Wick 0 1 1 1 0 1 1 0 0 0 0/1 12:08 0:00 0:00
Stefan Ruzicka 0 1 1 0 0 1 2 0 1 1 1/2 21:04 1:47 0:00
Tomas Tatar 0 0 0 0 0 2 0 0 2 0 0/0 8:11 0:00 0:43
Victor Bartley 0 0 0 0 2 1 1 0 0 4 0/0 24:57 2:17 1:20
Players Stats for Saguenéens
Player Name G A P +/- PIM S H SB GA TA FO MP PP MP PK MP
------------------------------------------------------------------------------------
Brandon Burlon 0 0 0 1 0 2 1 1 0 1 0/0 20:15 0:45 1:55
Brian Flynn 0 0 0 0 0 0 0 0 0 0 1/7 5:23 0:00 0:00
Bryan Bickell 0 1 1 0 0 0 0 0 0 2 0/2 16:11 0:33 0:19
David Laliberté 0 0 0 -1 0 1 1 0 0 0 0/0 12:40 0:06 1:47
David Moss 1 1 2 1 0 1 2 2 1 4 0/0 18:16 1:36 1:43
David Rundblad 0 0 0 -2 0 0 0 2 0 1 0/0 13:45 0:00 0:00
Eric Tangradi 0 1 1 0 0 0 0 0 0 0 1/1 12:28 1:19 0:00
Evgeny Dadonov 1 1 2 -1 2 5 1 0 3 0 1/2 21:47 1:49 0:00
Ian Cole 0 0 0 1 2 1 3 2 2 0 0/0 23:37 2:46 0:00
Jeffrey Foss 0 0 0 -2 0 0 2 2 1 1 0/0 16:08 0:00 2:03
Joffrey Lupul 1 1 2 -1 0 2 5 0 1 1 1/2 19:47 1:49 0:39
Kevin Marshall 0 0 0 0 0 0 1 3 0 1 0/0 22:58 2:46 2:03
Kris Russell 0 1 1 2 0 1 1 2 1 0 0/0 23:17 0:45 1:55
Kyle Brodziak 1 1 2 1 0 4 1 0 0 0 9/14 18:15 1:32 1:47
Marcus Johansson 1 1 2 -2 0 3 2 0 1 0 19/30 19:51 1:49 0:00
Petteri Wirtanen 1 0 1 1 0 2 0 0 1 0 3/5 11:52 0:00 1:41
Rhett Rakhshani 0 0 0 1 5 0 0 0 0 0 2/2 9:23 0:00 0:00
Tyler McNeely 0 1 1 1 0 2 1 0 1 0 1/1 10:06 0:00 0:00
3 Stars
1 - David Moss (Chi)
2 - Kyle Brodziak (Chi)
3 - Joffrey Lupul (Chi)
Power Play
Harfangs - 0 on 2 Attempt(s) - 0,00%
Saguenéens - 3 on 4 Attempt(s) - 75,00%
Penalty Kill
Harfangs - 1 on 4 Attempt(s) - 25,00%
- Score 0 goal in Penalty Kill
Saguenéens - 2 on 2 Attempt(s) - 100,00%
- Score 0 goal in Penalty Kill
Official
Referees : Jackson Dave and VanMassenhoven Don
Linesman : Brian Murphy and Don Henderson
Game Notes
Brett Carson beats up Rhett Rakhshani at 5:27 of 1st period
Brian Flynn is injured at 19:51 of 1st period (Sprained Right Finger)
Darcy Kuemper enters game at 4:55 of 2nd period
Harfangs
5 vs 5 Forward
Center Left Wing Right Wing Time % Phy DF OF
1 Alex Killorn Chris Kreider Stefan Ruzicka 40 1 2 2
2 Petri Kontiola Peter Olvecky Michal Repik 30 1 2 2
3 Craig Smith Dustin Jeffrey Roman Wick 20 1 2 2
4 Drew Shore Tomas Tatar Kyle Palmieri 10 1 2 2
5 vs 5 Defense
Defense Defense Time % Phy DF OF
1 Alexandre Picard Victor Bartley 40 1 2 2
2 Nick Holden Brian Lashoff 30 1 2 2
3 Brett Carson Dylan Olsen 20 1 2 2
4 Alexandre Picard Brian Lashoff 10 1 2 2
PowerPlay Forward
Center Left Wing Right Wing Time % Phy DF OF
1 Petri Kontiola Peter Olvecky Michal Repik 60 1 2 2
2 Alex Killorn Chris Kreider Stefan Ruzicka 40 1 2 2
PowerPlay Defense
Defense Defense Time % Phy DF OF
1 Alexandre Picard Victor Bartley 60 1 2 2
2 Brian Lashoff Nick Holden 40 1 2 2
Penalty Kill 4 Players Forward
Center Wing Time % Phy DF OF
1 Petri Kontiola Peter Olvecky 60 1 2 2
2 Drew Shore Chris Kreider 40 1 2 2
Penalty Kill 4 Players Defense
Defense Defense Time % Phy DF OF
1 Brian Lashoff Brett Carson 60 1 2 2
2 Victor Bartley Alexandre Picard 40 1 2 2
Penalty Kill - 3 Players Forward
Forward Time % Phy DF OF
1 Petri Kontiola 60 1 2 2
2 Drew Shore 40 1 2 2
Penalty Kill - 3 Players Defense
Defense Defense Time % Phy DF OF
1 Brian Lashoff Brett Carson 60 1 2 2
2 Victor Bartley Alexandre Picard 40 1 2 2
4 vs 4 Forward
Center Wing Time % Phy DF OF
1 Petri Kontiola Chris Kreider 60 1 2 2
2 Alex Killorn Stefan Ruzicka 40 1 2 2
4 vs 4 Defense
Defense Defense Time % Phy DF OF
1 Alexandre Picard Brett Carson 60 1 2 2
2 Victor Bartley Nick Holden 40 1 2 2
Last Minutes Offensive
Center Left Wing Right Wing Defense Defense
Petri Kontiola Peter Olvecky Stefan Ruzicka Alexandre Picard Brett Carson
Last Minutes Defensive
Center Left Wing Right Wing Defense Defense
Petri Kontiola Peter Olvecky Stefan Ruzicka Brian Lashoff Brett Carson
Goaltenders
Starting : Jeremy Duchesne
Backup : Darcy Kuemper
Extra Forwards
Normal : Craig Smith, Dustin Jeffrey, Michal Repik - PP : Craig Smith, Dustin Jeffrey - PK : Michal Repik
Extra Defensemen
Normal : Brian Lashoff, Dylan Olsen, Victor Bartley - PP : Brian Lashoff - PK : Dylan Olsen, Victor Bartley
Penalty Shots
Craig Smith, Tomas Tatar, Petri Kontiola, Peter Olvecky, Dustin Jeffrey
Saguenéens
5 vs 5 Forward
Center Left Wing Right Wing Time % Phy DF OF
1 Marcus Johansson Evgeny Dadonov Joffrey Lupul 40 1 2 2
2 Brian Flynn Bryan Bickell David Moss 30 1 2 2
3 Kyle Brodziak Eric Tangradi David Laliberté 20 1 2 2
4 Petteri Wirtanen Tyler McNeely Rhett Rakhshani 10 1 2 2
5 vs 5 Defense
Defense Defense Time % Phy DF OF
1 Ian Cole Kevin Marshall 37 1 2 2
2 Brandon Burlon Kris Russell 33 1 2 2
3 Jeffrey Foss David Rundblad 20 1 2 2
4 Kris Russell Ian Cole 10 0 2 3
PowerPlay Forward
Center Left Wing Right Wing Time % Phy DF OF
1 Marcus Johansson Evgeny Dadonov Joffrey Lupul 55 1 1 3
2 Kyle Brodziak Brian Flynn David Moss 45 1 1 3
PowerPlay Defense
Defense Defense Time % Phy DF OF
1 Ian Cole Kevin Marshall 55 0 2 3
2 Brandon Burlon Kris Russell 45 0 2 3
Penalty Kill 4 Players Forward
Center Wing Time % Phy DF OF
1 Kyle Brodziak David Laliberté 50 1 3 1
2 Petteri Wirtanen David Moss 50 1 3 1
Penalty Kill 4 Players Defense
Defense Defense Time % Phy DF OF
1 Jeffrey Foss Kevin Marshall 50 1 3 1
2 Kris Russell Brandon Burlon 50 1 3 1
Penalty Kill - 3 Players Forward
Forward Time % Phy DF OF
1 Kyle Brodziak 50 1 3 1
2 David Moss 50 1 3 1
Penalty Kill - 3 Players Defense
Defense Defense Time % Phy DF OF
1 Jeffrey Foss Kevin Marshall 50 1 3 1
2 Kris Russell Brandon Burlon 50 1 3 1
4 vs 4 Forward
Center Wing Time % Phy DF OF
1 Marcus Johansson Evgeny Dadonov 50 1 1 3
2 Kyle Brodziak Joffrey Lupul 50 1 2 2
4 vs 4 Defense
Defense Defense Time % Phy DF OF
1 Ian Cole Kevin Marshall 50 1 2 2
2 Brandon Burlon Kris Russell 50 1 2 2
Last Minutes Offensive
Center Left Wing Right Wing Defense Defense
Kyle Brodziak Evgeny Dadonov David Moss Ian Cole Kris Russell
Last Minutes Defensive
Center Left Wing Right Wing Defense Defense
Kyle Brodziak Evgeny Dadonov David Moss Kris Russell Kevin Marshall
Goaltenders
Starting : Harru Sateri
Backup : James Reimer
Extra Forwards
Normal : Kyle Brodziak, Eric Tangradi, Evgeny Dadonov - PP : Eric Tangradi, Bryan Bickell - PK : Joffrey Lupul
Extra Defensemen
Normal : Kris Russell, Brandon Burlon, Ian Cole - PP : David Rundblad - PK : Ian Cole, David Rundblad
Penalty Shots
Evgeny Dadonov, David Moss, Joffrey Lupul, Brian Flynn, Bryan Bickell
% Time on Ice - Harfangs
Lines # - Real PCT - Wanted PCT - Time Play
Normal Forward
1 - 37% - 40% - 19:15
2 - 26% - 30% - 13:40
3 - 23% - 20% - 12:08
4 - 14% - 10% - 7:28
Normal Defense
1 - 40% - 40% - 21:11
2 - 29% - 30% - 15:25
3 - 25% - 20% - 13:06
4 - 5% - 10% - 2:49
PP Forward
1 - 55% - 60% - 2:11
2 - 45% - 40% - 1:47
PP Defense
1 - 58% - 60% - 2:17
2 - 42% - 40% - 1:41
PK Forward
1 - 73% - 60% - 2:34
2 - 27% - 40% - 0:57
PK Defense
1 - 62% - 60% - 2:11
2 - 38% - 40% - 1:20
PK3 Forward
1 - 0% - 60%
2 - 0% - 40%
PK3 Defense
1 - 0% - 60%
2 - 0% - 40%
44 Forward
1 - 0% - 60%
2 - 0% - 40%
44 Defense
1 - 0% - 60%
2 - 0% - 40%
Last Minute Offensive - 0:00
Last Minute Defensive - 0:00
Total
Forward - 60:00
Defense - 60:00
|
% Time on Ice - Saguenéens
Lines # - Real PCT - Wanted PCT - Time Play
Normal Forward
1 - 33% - 40% - 17:18
2 - 30% - 30% - 15:43
3 - 18% - 20% - 9:41
4 - 19% - 10% - 9:49
Normal Defense
1 - 35% - 37% - 18:09
2 - 33% - 33% - 17:35
3 - 26% - 20% - 13:45
4 - 6% - 10% - 3:02
PP Forward
1 - 52% - 55% - 1:49
2 - 48% - 45% - 1:42
PP Defense
1 - 79% - 55% - 2:46
2 - 21% - 45% - 0:45
PK Forward
1 - 47% - 50% - 1:52
2 - 53% - 50% - 2:06
PK Defense
1 - 52% - 50% - 2:03
2 - 48% - 50% - 1:55
PK3 Forward
1 - 0% - 50%
2 - 0% - 50%
PK3 Defense
1 - 0% - 50%
2 - 0% - 50%
44 Forward
1 - 0% - 50%
2 - 0% - 50%
44 Defense
1 - 0% - 50%
2 - 0% - 50%
Last Minute Offensive - 0:00
Last Minute Defensive - 0:00
Total
Forward - 60:00
Defense - 60:00
|
Play by Play
1st period
0:01 of 1st period - Alex Killorn wins face-off versus Marcus Johansson in neutral zone.
0:04 of 1st period - Snap shot by Alex Killorn.
0:04 of 1st period - Goal by Alex Killorn - Harfangs : 1 - Saguenéens : 0.
0:05 of 1st period - Petri Kontiola wins face-off versus Brian Flynn in neutral zone.
0:07 of 1st period - Off-side.
0:08 of 1st period - Petri Kontiola wins face-off versus Brian Flynn in neutral zone.
0:21 of 1st period - Slapshot by Peter Olvecky.
0:21 of 1st period - Shot Blocked by David Moss.
0:45 of 1st period - Wrist shot by Stefan Ruzicka.
0:45 of 1st period - Deflect By Joffrey Lupul.
0:45 of 1st period - Shot Misses the Net.
0:45 of 1st period - Puck is out of play.
0:46 of 1st period - Kyle Brodziak wins face-off versus Craig Smith in Saguenéens zone.
1:05 of 1st period - Kevin Marshall is hit by Alexandre Picard and loses puck.
1:48 of 1st period - Wrist shot by Tomas Tatar.
1:48 of 1st period - Deflect By Kyle Palmieri.
1:48 of 1st period - Stopped by Harru Sateri with a rebound.
1:58 of 1st period - Jeffrey Foss is hit by Michal Repik and loses puck.
2:46 of 1st period - Snap shot by Chris Kreider.
2:46 of 1st period - Deflect By Stefan Ruzicka.
2:46 of 1st period - Shot Blocked by Kevin Marshall.
2:46 of 1st period - Puck is out of play.
2:47 of 1st period - Petri Kontiola wins face-off versus Brian Flynn in Saguenéens zone.
2:50 of 1st period - Slapshot by Michal Repik.
2:50 of 1st period - Stopped by Harru Sateri without a rebound.
2:51 of 1st period - Petri Kontiola wins face-off versus Brian Flynn in Saguenéens zone.
2:52 of 1st period - Wrist shot by Peter Olvecky.
2:52 of 1st period - Deflect By Petri Kontiola.
2:52 of 1st period - Stopped by Harru Sateri with a rebound.
2:54 of 1st period - Slapshot by Victor Bartley.
2:54 of 1st period - Deflect By Petri Kontiola.
2:54 of 1st period - Stopped by Harru Sateri with a rebound.
2:56 of 1st period - Slapshot by Victor Bartley.
2:56 of 1st period - Deflect By Peter Olvecky.
2:56 of 1st period - Shot Misses the Net.
2:56 of 1st period - Puck is out of play.
2:57 of 1st period - Brian Flynn wins face-off versus Petri Kontiola in Saguenéens zone.
3:25 of 1st period - Minor Penalty to Victor Bartley for Interference.
3:26 of 1st period - Marcus Johansson wins face-off versus Petri Kontiola in Harfangs zone.
3:40 of 1st period - Slapshot by Marcus Johansson.
3:40 of 1st period - Stopped by Jeremy Duchesne with a rebound.
3:42 of 1st period - Slapshot by Evgeny Dadonov.
3:42 of 1st period - Goal by Evgeny Dadonov - Harfangs : 1 - Saguenéens : 1.
3:43 of 1st period - Marcus Johansson wins face-off versus Alex Killorn in neutral zone.
3:46 of 1st period - Stefan Ruzicka is hit by Joffrey Lupul and loses puck.
4:17 of 1st period - Snap shot by Evgeny Dadonov.
4:17 of 1st period - Shot Misses the Net.
4:19 of 1st period - Wrist shot by Joffrey Lupul.
4:19 of 1st period - Stopped by Jeremy Duchesne without a rebound.
4:20 of 1st period - Petteri Wirtanen wins face-off versus Alex Killorn in Harfangs zone.
4:35 of 1st period - Snap shot by Chris Kreider.
4:35 of 1st period - Stopped by Harru Sateri without a rebound.
4:36 of 1st period - Kyle Brodziak wins face-off versus Drew Shore in Saguenéens zone.
5:03 of 1st period - Kevin Marshall is hit by Stefan Ruzicka and loses puck.
5:24 of 1st period - Snap shot by Peter Olvecky.
5:24 of 1st period - Stopped by Harru Sateri without a rebound.
5:25 of 1st period - Petri Kontiola wins face-off versus Petteri Wirtanen in Saguenéens zone.
5:27 of 1st period - Brett Carson beats up Rhett Rakhshani.
5:27 of 1st period - Penalty to Rhett Rakhshani for Fighting.
5:27 of 1st period - Penalty to Brett Carson for Fighting.
5:28 of 1st period - Alex Killorn wins face-off versus Marcus Johansson in Saguenéens zone.
5:35 of 1st period - Slapshot by Stefan Ruzicka.
5:35 of 1st period - Shot Misses the Net.
5:41 of 1st period - Snap shot by Evgeny Dadonov.
5:41 of 1st period - Stopped by Jeremy Duchesne with a rebound.
5:53 of 1st period - Brian Lashoff is hit by David Laliberté and loses puck.
6:28 of 1st period - Snap shot by Alex Killorn.
6:28 of 1st period - Deflect By Kris Russell.
6:28 of 1st period - Shot Misses the Net.
6:28 of 1st period - Puck is out of play.
6:29 of 1st period - Petri Kontiola wins face-off versus Bryan Bickell in Saguenéens zone.
6:30 of 1st period - Snap shot by Peter Olvecky.
6:30 of 1st period - Stopped by Harru Sateri with a rebound.
6:45 of 1st period - Snap shot by Bryan Bickell.
6:45 of 1st period - Shot Misses the Net.
7:00 of 1st period - Wrist shot by Craig Smith.
7:00 of 1st period - Stopped by Harru Sateri without a rebound.
7:01 of 1st period - Marcus Johansson wins face-off versus Craig Smith in Saguenéens zone.
7:53 of 1st period - Slapshot by Tomas Tatar.
7:53 of 1st period - Shot Misses the Net.
8:51 of 1st period - Snap shot by Kyle Brodziak.
8:51 of 1st period - Shot Blocked by Brian Lashoff.
10:05 of 1st period - Slapshot by Stefan Ruzicka.
10:05 of 1st period - Shot Misses the Net.
10:07 of 1st period - Wrist shot by Chris Kreider.
10:07 of 1st period - Shot Blocked by David Moss.
10:09 of 1st period - Wrist shot by Alex Killorn.
10:09 of 1st period - Stopped by Harru Sateri with a rebound.
10:11 of 1st period - Slapshot by Alexandre Picard.
10:11 of 1st period - Shot Blocked by Brandon Burlon.
10:25 of 1st period - Brandon Burlon is hit by Craig Smith and loses puck.
10:30 of 1st period - Wrist shot by Craig Smith.
10:30 of 1st period - Shot Blocked by Kris Russell.
10:32 of 1st period - Snap shot by Dustin Jeffrey.
10:32 of 1st period - Stopped by Harru Sateri with a rebound.
10:34 of 1st period - Snap shot by Craig Smith.
10:34 of 1st period - Stopped by Harru Sateri without a rebound.
10:35 of 1st period - Marcus Johansson wins face-off versus Petri Kontiola in Saguenéens zone.
10:35 of 1st period - Marcus Johansson is hit by Dylan Olsen.
10:43 of 1st period - Wrist shot by Peter Olvecky.
10:43 of 1st period - Shot Misses the Net.
10:55 of 1st period - Dylan Olsen is hit by Joffrey Lupul and loses puck.
11:31 of 1st period - Icing by Kevin Marshall.
11:32 of 1st period - Petteri Wirtanen wins face-off versus Craig Smith in Saguenéens zone.
12:12 of 1st period - Minor Penalty to Alexandre Picard for Hooking.
12:13 of 1st period - Petri Kontiola wins face-off versus Marcus Johansson in Harfangs zone.
12:23 of 1st period - Snap shot by Joffrey Lupul.
12:23 of 1st period - Goal by Joffrey Lupul - Harfangs : 1 - Saguenéens : 2.
12:24 of 1st period - Marcus Johansson wins face-off versus Alex Killorn in neutral zone.
12:45 of 1st period - Chris Kreider is hit by Evgeny Dadonov and loses puck.
12:58 of 1st period - Wrist shot by Evgeny Dadonov.
12:58 of 1st period - Shot Misses the Net.
13:14 of 1st period - Snap shot by Evgeny Dadonov.
13:14 of 1st period - Stopped by Jeremy Duchesne without a rebound.
13:15 of 1st period - Petri Kontiola wins face-off versus Brian Flynn in Harfangs zone.
13:42 of 1st period - Kyle Brodziak is hit by Kyle Palmieri.
13:53 of 1st period - Off-side.
13:54 of 1st period - Tyler McNeely wins face-off versus Craig Smith in neutral zone.
13:57 of 1st period - Roman Wick is hit by Tyler McNeely and loses puck.
14:20 of 1st period - Marcus Johansson is hit by Petri Kontiola and loses puck.
14:47 of 1st period - Backhand shot by Ian Cole.
14:47 of 1st period - Deflect By Stefan Ruzicka.
14:47 of 1st period - Stopped by Jeremy Duchesne without a rebound.
14:48 of 1st period - Stefan Ruzicka wins face-off versus Brian Flynn in Harfangs zone.
14:57 of 1st period - Snap shot by Stefan Ruzicka.
14:57 of 1st period - Deflect By David Moss.
14:57 of 1st period - Stopped by Harru Sateri with a rebound.
14:59 of 1st period - Wrist shot by Chris Kreider.
14:59 of 1st period - Shot Misses the Net.
15:01 of 1st period - Snap shot by Stefan Ruzicka.
15:01 of 1st period - Shot Misses the Net.
15:03 of 1st period - Slapshot by Alexandre Picard.
15:03 of 1st period - Shot Misses the Net.
15:13 of 1st period - Kevin Marshall is hit by Drew Shore and loses puck.
15:22 of 1st period - Slapshot by Kyle Palmieri.
15:22 of 1st period - Deflect By Tomas Tatar.
15:22 of 1st period - Stopped by Harru Sateri with a rebound.
15:24 of 1st period - Backhand shot by Drew Shore.
15:24 of 1st period - Stopped by Harru Sateri with a rebound.
15:38 of 1st period - Slapshot by Marcus Johansson.
15:38 of 1st period - Deflect By Evgeny Dadonov.
15:38 of 1st period - Shot Misses the Net.
15:38 of 1st period - Puck is out of play.
15:39 of 1st period - Petri Kontiola wins face-off versus Marcus Johansson in Harfangs zone.
15:39 of 1st period - Petri Kontiola is hit by Joffrey Lupul.
15:51 of 1st period - Wrist shot by Michal Repik.
15:51 of 1st period - Shot Misses the Net.
15:54 of 1st period - Icing by Joffrey Lupul.
15:55 of 1st period - Marcus Johansson wins face-off versus Alex Killorn in Saguenéens zone.
15:55 of 1st period - Marcus Johansson is hit by Alex Killorn.
16:11 of 1st period - Wrist shot by Evgeny Dadonov.
16:11 of 1st period - Shot Blocked by Brian Lashoff.
16:13 of 1st period - Slapshot by Kris Russell.
16:13 of 1st period - Stopped by Jeremy Duchesne without a rebound.
16:14 of 1st period - Kyle Brodziak wins face-off versus Petri Kontiola in Harfangs zone.
16:39 of 1st period - Chris Kreider is hit by Ian Cole and loses puck.
17:32 of 1st period - Snap shot by Tomas Tatar.
17:32 of 1st period - Shot Misses the Net.
17:36 of 1st period - Wrist shot by Tomas Tatar.
17:36 of 1st period - Stopped by Harru Sateri without a rebound.
17:37 of 1st period - Marcus Johansson wins face-off versus Alex Killorn in Saguenéens zone.
17:37 of 1st period - Marcus Johansson is hit by Alex Killorn.
19:04 of 1st period - Kris Russell is hit by Chris Kreider and loses puck.
19:50 of 1st period - Brian Flynn is hit by Craig Smith.
19:51 of 1st period - Brian Flynn from Saguenéens is injured at 19:51 of 1st period (Sprained Right Finger).
19:52 of 1st period - Marcus Johansson wins face-off versus Alex Killorn in Saguenéens zone.
Goals for this period are 1 for Harfangs vs 2 for Saguenéens.
Shots for this period are 16 for Harfangs vs 8 for Saguenéens.
2nd period
0:01 of 2nd period - Alex Killorn wins face-off versus Marcus Johansson in neutral zone.
0:04 of 2nd period - Slapshot by Alexandre Picard.
0:04 of 2nd period - Shot Blocked by Kris Russell.
0:12 of 2nd period - Wrist shot by Marcus Johansson.
0:12 of 2nd period - Goal by Marcus Johansson - Harfangs : 1 - Saguenéens : 3.
0:13 of 2nd period - Marcus Johansson wins face-off versus Alex Killorn in neutral zone.
0:16 of 2nd period - Alex Killorn is hit by Joffrey Lupul and loses puck.
0:52 of 2nd period - Kyle Brodziak is hit by Petri Kontiola and loses puck.
1:34 of 2nd period - Wrist shot by Roman Wick.
1:34 of 2nd period - Stopped by Harru Sateri without a rebound.
1:35 of 2nd period - Marcus Johansson wins face-off versus Alex Killorn in Saguenéens zone.
1:44 of 2nd period - Snap shot by Evgeny Dadonov.
1:44 of 2nd period - Shot Hit the Post.
2:02 of 2nd period - Rhett Rakhshani is hit by Peter Olvecky and loses puck.
2:11 of 2nd period - Wrist shot by Rhett Rakhshani.
2:11 of 2nd period - Shot Blocked by Alexandre Picard.
2:59 of 2nd period - Nick Holden is hit by Brandon Burlon and loses puck.
3:46 of 2nd period - Wrist shot by Craig Smith.
3:46 of 2nd period - Stopped by Harru Sateri without a rebound.
3:47 of 2nd period - Rhett Rakhshani wins face-off versus Craig Smith in Saguenéens zone.
3:51 of 2nd period - Minor Penalty to Nick Holden for Hooking.
3:52 of 2nd period - Petri Kontiola wins face-off versus Marcus Johansson in Harfangs zone.
4:53 of 2nd period - Snap shot by Kyle Brodziak.
4:53 of 2nd period - Stopped by Jeremy Duchesne with a rebound.
4:55 of 2nd period - Wrist shot by David Moss.
4:55 of 2nd period - Goal by David Moss - Harfangs : 1 - Saguenéens : 4.
4:55 of 2nd period - Darcy Kuemper enters game.
4:56 of 2nd period - Marcus Johansson wins face-off versus Stefan Ruzicka in neutral zone.
5:21 of 2nd period - Peter Olvecky is hit by Kyle Brodziak and loses puck.
6:02 of 2nd period - Snap shot by Craig Smith.
6:02 of 2nd period - Stopped by Harru Sateri without a rebound.
6:03 of 2nd period - Alex Killorn wins face-off versus Petteri Wirtanen in Saguenéens zone.
6:03 of 2nd period - Alex Killorn is hit by Ian Cole.
6:07 of 2nd period - Snap shot by Chris Kreider.
6:07 of 2nd period - Shot Misses the Net.
6:09 of 2nd period - Wrist shot by Chris Kreider.
6:09 of 2nd period - Shot Blocked by Kevin Marshall.
6:11 of 2nd period - Slapshot by Dylan Olsen.
6:11 of 2nd period - Stopped by Harru Sateri with a rebound.
6:13 of 2nd period - Slapshot by Chris Kreider.
6:13 of 2nd period - Shot Blocked by Ian Cole.
6:15 of 2nd period - Backhand shot by Dylan Olsen.
6:15 of 2nd period - Deflect By Ian Cole.
6:15 of 2nd period - Stopped by Harru Sateri without a rebound.
6:16 of 2nd period - Marcus Johansson wins face-off versus Alex Killorn in Saguenéens zone.
6:24 of 2nd period - Off-side.
6:25 of 2nd period - Marcus Johansson wins face-off versus Alex Killorn in neutral zone.
7:09 of 2nd period - Ian Cole is hit by Alex Killorn and loses puck.
7:32 of 2nd period - Wrist shot by Stefan Ruzicka.
7:32 of 2nd period - Shot Blocked by Ian Cole.
7:52 of 2nd period - Victor Bartley is hit by Joffrey Lupul and loses puck.
8:27 of 2nd period - Snap shot by Alexandre Picard.
8:27 of 2nd period - Shot Misses the Net.
8:29 of 2nd period - Wrist shot by Stefan Ruzicka.
8:29 of 2nd period - Shot Misses the Net.
8:31 of 2nd period - Wrist shot by Chris Kreider.
8:31 of 2nd period - Stopped by Harru Sateri with a rebound.
8:37 of 2nd period - Wrist shot by Chris Kreider.
8:37 of 2nd period - Stopped by Harru Sateri without a rebound.
8:38 of 2nd period - Kyle Brodziak wins face-off versus Petri Kontiola in Saguenéens zone.
8:38 of 2nd period - Kyle Brodziak is hit by Michal Repik.
8:52 of 2nd period - Snap shot by David Moss.
8:52 of 2nd period - Shot Misses the Net.
8:54 of 2nd period - Backhand shot by Kris Russell.
8:54 of 2nd period - Shot Blocked by Brian Lashoff.
9:04 of 2nd period - Rhett Rakhshani is hit by Dustin Jeffrey and loses puck.
9:33 of 2nd period - Kyle Brodziak is hit by Drew Shore and loses puck.
10:10 of 2nd period - Snap shot by Craig Smith.
10:10 of 2nd period - Stopped by Harru Sateri with a rebound.
10:20 of 2nd period - David Laliberté is hit by Brett Carson and loses puck.
11:58 of 2nd period - Roman Wick is hit by Jeffrey Foss and loses puck.
12:20 of 2nd period - Icing by Jeffrey Foss.
12:21 of 2nd period - Kyle Brodziak wins face-off versus Drew Shore in Saguenéens zone.
13:13 of 2nd period - Off-side.
13:14 of 2nd period - Petri Kontiola wins face-off versus Kyle Brodziak in neutral zone.
14:07 of 2nd period - Wrist shot by Dustin Jeffrey.
14:07 of 2nd period - Deflect By Craig Smith.
14:07 of 2nd period - Shot Blocked by Kevin Marshall.
14:07 of 2nd period - Puck is out of play.
14:08 of 2nd period - Eric Tangradi wins face-off versus Alex Killorn in Saguenéens zone.
14:08 of 2nd period - Eric Tangradi is hit by Alexandre Picard.
14:18 of 2nd period - Wrist shot by Kyle Brodziak.
14:18 of 2nd period - Shot Hit the Post.
14:58 of 2nd period - Snap shot by Kyle Brodziak.
14:58 of 2nd period - Stopped by Darcy Kuemper without a rebound.
14:59 of 2nd period - Craig Smith wins face-off versus Kyle Brodziak in Harfangs zone.
15:24 of 2nd period - Ian Cole is hit by Alexandre Picard and loses puck.
15:49 of 2nd period - Snap shot by Rhett Rakhshani.
15:49 of 2nd period - Shot Misses the Net.
15:51 of 2nd period - Slapshot by Brandon Burlon.
15:51 of 2nd period - Stopped by Darcy Kuemper with a rebound.
15:53 of 2nd period - Slapshot by Kris Russell.
15:53 of 2nd period - Shot Blocked by Nick Holden.
15:55 of 2nd period - Snap shot by Tyler McNeely.
15:55 of 2nd period - Stopped by Darcy Kuemper without a rebound.
15:56 of 2nd period - Kyle Brodziak wins face-off versus Alex Killorn in Harfangs zone.
16:05 of 2nd period - Eric Tangradi is hit by Stefan Ruzicka and loses puck.
16:30 of 2nd period - Snap shot by Brian Lashoff.
16:30 of 2nd period - Shot Misses the Net.
16:32 of 2nd period - Slapshot by Brian Lashoff.
16:32 of 2nd period - Stopped by Harru Sateri without a rebound.
16:33 of 2nd period - Alex Killorn wins face-off versus Marcus Johansson in Saguenéens zone.
16:34 of 2nd period - Wrist shot by Stefan Ruzicka.
16:34 of 2nd period - Shot Misses the Net.
16:36 of 2nd period - Minor Penalty to Ian Cole for Cross-checking.
16:37 of 2nd period - Kyle Brodziak wins face-off versus Petri Kontiola in Saguenéens zone.
16:54 of 2nd period - Wrist shot by Petteri Wirtanen.
16:54 of 2nd period - Stopped by Darcy Kuemper with a rebound.
17:44 of 2nd period - Brandon Burlon is hit by Alex Killorn and loses puck.
18:28 of 2nd period - Slapshot by Victor Bartley.
18:28 of 2nd period - Stopped by Harru Sateri with a rebound.
18:30 of 2nd period - Snap shot by Kyle Palmieri.
18:30 of 2nd period - Shot Misses the Net.
18:32 of 2nd period - Slapshot by Alexandre Picard.
18:32 of 2nd period - Deflect By Kyle Palmieri.
18:32 of 2nd period - Stopped by Harru Sateri without a rebound.
18:33 of 2nd period - Petri Kontiola wins face-off versus Joffrey Lupul in Saguenéens zone.
18:36 of 2nd period - Penalty to Ian Cole is over, Ian Cole is back on ice.
19:02 of 2nd period - Wrist shot by Tyler McNeely.
19:02 of 2nd period - Shot Misses the Net.
19:43 of 2nd period - Icing by Kevin Marshall.
19:44 of 2nd period - Alex Killorn wins face-off versus Evgeny Dadonov in Saguenéens zone.
19:50 of 2nd period - Off-side.
19:51 of 2nd period - Evgeny Dadonov wins face-off versus Alex Killorn in neutral zone.
19:57 of 2nd period - Icing by Victor Bartley.
19:58 of 2nd period - Alex Killorn wins face-off versus Marcus Johansson in Harfangs zone.
Goals for this period are 0 for Harfangs vs 2 for Saguenéens.
Shots for this period are 11 for Harfangs vs 7 for Saguenéens.
3rd period
0:01 of 3rd period - Joffrey Lupul wins face-off versus Alex Killorn in neutral zone.
0:26 of 3rd period - Peter Olvecky is hit by Ian Cole and loses puck.
1:00 of 3rd period - Alexandre Picard is hit by Kris Russell.
1:10 of 3rd period - Slapshot by Alexandre Picard.
1:10 of 3rd period - Stopped by Harru Sateri with a rebound.
1:30 of 3rd period - Snap shot by David Laliberté.
1:30 of 3rd period - Stopped by Darcy Kuemper with a rebound.
1:32 of 3rd period - Wrist shot by Brandon Burlon.
1:32 of 3rd period - Stopped by Darcy Kuemper with a rebound.
2:02 of 3rd period - Snap shot by Chris Kreider.
2:02 of 3rd period - Shot Blocked by Jeffrey Foss.
2:04 of 3rd period - Slapshot by Nick Holden.
2:04 of 3rd period - Stopped by Harru Sateri with a rebound.
2:06 of 3rd period - Slapshot by Brian Lashoff.
2:06 of 3rd period - Shot Blocked by David Rundblad.
2:08 of 3rd period - Slapshot by Chris Kreider.
2:08 of 3rd period - Stopped by Harru Sateri with a rebound.
2:16 of 3rd period - Wrist shot by Chris Kreider.
2:16 of 3rd period - Stopped by Harru Sateri with a rebound.
2:18 of 3rd period - Slapshot by Brian Lashoff.
2:18 of 3rd period - Shot Blocked by Jeffrey Foss.
2:42 of 3rd period - Wrist shot by Evgeny Dadonov.
2:42 of 3rd period - Stopped by Darcy Kuemper with a rebound.
3:19 of 3rd period - Snap shot by Chris Kreider.
3:19 of 3rd period - Stopped by Harru Sateri without a rebound.
3:20 of 3rd period - Petri Kontiola wins face-off versus Kyle Brodziak in Saguenéens zone.
4:13 of 3rd period - Slapshot by Brett Carson.
4:13 of 3rd period - Stopped by Harru Sateri without a rebound.
4:14 of 3rd period - Rhett Rakhshani wins face-off versus Petri Kontiola in Saguenéens zone.
5:05 of 3rd period - Wrist shot by Marcus Johansson.
5:05 of 3rd period - Shot Misses the Net.
5:11 of 3rd period - Kevin Marshall is hit by Peter Olvecky and loses puck.
5:52 of 3rd period - Slapshot by Alexandre Picard.
5:52 of 3rd period - Shot Misses the Net.
5:54 of 3rd period - Snap shot by Peter Olvecky.
5:54 of 3rd period - Goal by Peter Olvecky - Harfangs : 2 - Saguenéens : 4.
5:55 of 3rd period - Petri Kontiola wins face-off versus Marcus Johansson in neutral zone.
6:00 of 3rd period - Slapshot by Alexandre Picard.
6:00 of 3rd period - Shot Misses the Net.
6:24 of 3rd period - Off-side.
6:25 of 3rd period - Alex Killorn wins face-off versus Bryan Bickell in neutral zone.
6:53 of 3rd period - Snap shot by Kyle Brodziak.
6:53 of 3rd period - Goal by Kyle Brodziak - Harfangs : 2 - Saguenéens : 5.
6:54 of 3rd period - Marcus Johansson wins face-off versus Alex Killorn in neutral zone.
7:08 of 3rd period - Wrist shot by Stefan Ruzicka.
7:08 of 3rd period - Shot Misses the Net.
7:10 of 3rd period - Slapshot by Victor Bartley.
7:10 of 3rd period - Deflect By Chris Kreider.
7:10 of 3rd period - Shot Misses the Net.
7:10 of 3rd period - Puck is out of play.
7:11 of 3rd period - Petri Kontiola wins face-off versus Kyle Brodziak in Saguenéens zone.
7:22 of 3rd period - Wrist shot by Petri Kontiola.
7:22 of 3rd period - Shot Misses the Net.
7:24 of 3rd period - Snap shot by Peter Olvecky.
7:24 of 3rd period - Stopped by Harru Sateri without a rebound.
7:25 of 3rd period - Marcus Johansson wins face-off versus Alex Killorn in Saguenéens zone.
7:32 of 3rd period - Wrist shot by Chris Kreider.
7:32 of 3rd period - Stopped by Harru Sateri without a rebound.
7:33 of 3rd period - Marcus Johansson wins face-off versus Alex Killorn in Saguenéens zone.
7:33 of 3rd period - Marcus Johansson is hit by Chris Kreider.
7:57 of 3rd period - Evgeny Dadonov is hit by Chris Kreider and loses puck.
8:08 of 3rd period - Wrist shot by Alex Killorn.
8:08 of 3rd period - Deflect By Stefan Ruzicka.
8:08 of 3rd period - Deflect By Evgeny Dadonov.
8:08 of 3rd period - Shot Misses the Net.
8:08 of 3rd period - Puck is out of play.
8:09 of 3rd period - Michal Repik wins face-off versus Kyle Brodziak in Saguenéens zone.
9:04 of 3rd period - Slapshot by Tomas Tatar.
9:04 of 3rd period - Deflect By Drew Shore.
9:04 of 3rd period - Stopped by Harru Sateri with a rebound.
9:18 of 3rd period - Wrist shot by Eric Tangradi.
9:18 of 3rd period - Deflect By Kyle Brodziak.
9:18 of 3rd period - Stopped by Darcy Kuemper with a rebound.
10:00 of 3rd period - Alexandre Picard is hit by Kevin Marshall and loses puck.
10:37 of 3rd period - Wrist shot by Marcus Johansson.
10:37 of 3rd period - Shot Misses the Net.
10:39 of 3rd period - Wrist shot by Bryan Bickell.
10:39 of 3rd period - Shot Misses the Net.
10:41 of 3rd period - Snap shot by Bryan Bickell.
10:41 of 3rd period - Shot Misses the Net.
10:43 of 3rd period - Wrist shot by Marcus Johansson.
10:43 of 3rd period - Stopped by Darcy Kuemper without a rebound.
10:44 of 3rd period - Marcus Johansson wins face-off versus Petri Kontiola in Harfangs zone.
10:49 of 3rd period - Snap shot by Evgeny Dadonov.
10:49 of 3rd period - Stopped by Darcy Kuemper with a rebound.
11:09 of 3rd period - Roman Wick is hit by David Moss and loses puck.
11:15 of 3rd period - Icing by Craig Smith.
11:16 of 3rd period - Kyle Brodziak wins face-off versus Roman Wick in Harfangs zone.
11:23 of 3rd period - David Moss is hit by Craig Smith.
11:43 of 3rd period - Snap shot by Stefan Ruzicka.
11:43 of 3rd period - Shot Misses the Net.
11:45 of 3rd period - Snap shot by Alex Killorn.
11:45 of 3rd period - Stopped by Harru Sateri with a rebound.
12:38 of 3rd period - Icing by Brandon Burlon.
12:39 of 3rd period - Marcus Johansson wins face-off versus Craig Smith in Saguenéens zone.
12:39 of 3rd period - Marcus Johansson is hit by Craig Smith.
13:30 of 3rd period - Slapshot by Petteri Wirtanen.
13:30 of 3rd period - Goal by Petteri Wirtanen - Harfangs : 2 - Saguenéens : 6.
13:31 of 3rd period - Marcus Johansson wins face-off versus Alex Killorn in neutral zone.
13:45 of 3rd period - Minor Penalty to Chris Kreider for Holding.
13:46 of 3rd period - Petri Kontiola wins face-off versus Marcus Johansson in Harfangs zone.
14:02 of 3rd period - Brian Lashoff is hit by Marcus Johansson and loses puck.
14:21 of 3rd period - Snap shot by David Moss.
14:21 of 3rd period - Shot Blocked by Michal Repik.
15:09 of 3rd period - David Moss is hit by Michal Repik and loses puck.
15:22 of 3rd period - Ian Cole is hit by Peter Olvecky and loses puck.
15:45 of 3rd period - Penalty to Chris Kreider is over, Chris Kreider is back on ice.
15:58 of 3rd period - Wrist shot by Petteri Wirtanen.
15:58 of 3rd period - Shot Blocked by Brett Carson.
16:00 of 3rd period - Snap shot by David Rundblad.
16:00 of 3rd period - Deflect By Tyler McNeely.
16:00 of 3rd period - Stopped by Darcy Kuemper with a rebound.
16:10 of 3rd period - Snap shot by Craig Smith.
16:10 of 3rd period - Shot Blocked by David Rundblad.
16:12 of 3rd period - Slapshot by Brian Lashoff.
16:12 of 3rd period - Deflect By Dustin Jeffrey.
16:12 of 3rd period - Goal by Dustin Jeffrey - Harfangs : 3 - Saguenéens : 6.
16:13 of 3rd period - Alex Killorn wins face-off versus Marcus Johansson in neutral zone.
16:17 of 3rd period - Minor Penalty to Evgeny Dadonov for Cross-checking.
16:18 of 3rd period - Kyle Brodziak wins face-off versus Petri Kontiola in Saguenéens zone.
16:18 of 3rd period - Kyle Brodziak is hit by Victor Bartley.
16:43 of 3rd period - Jeffrey Foss is hit by Chris Kreider and loses puck.
17:34 of 3rd period - Jeffrey Foss is hit by Petri Kontiola and loses puck.
17:51 of 3rd period - Alex Killorn is hit by David Moss and loses puck.
18:17 of 3rd period - Penalty to Evgeny Dadonov is over, Evgeny Dadonov is back on ice.
18:37 of 3rd period - Off-side.
18:38 of 3rd period - Petteri Wirtanen wins face-off versus Drew Shore in neutral zone.
19:04 of 3rd period - Ian Cole is hit by Roman Wick and loses puck.
19:31 of 3rd period - Petri Kontiola is hit by Marcus Johansson and loses puck.
19:48 of 3rd period - Snap shot by Chris Kreider.
19:48 of 3rd period - Stopped by Harru Sateri with a rebound.
19:54 of 3rd period - Dylan Olsen is hit by Jeffrey Foss and loses puck.
Goals for this period are 2 for Harfangs vs 2 for Saguenéens.
Shots for this period are 13 for Harfangs vs 9 for Saguenéens.
Output by the SimonT Hockey Simulator (STHS) for François Prévost -- Original Page W3C XHTML 1.0 Valid